 Dungeon Crawl Stone Soup version 0.19.5 (webtiles) character file.

123 raph the Conjurer (level 4, -2/24 HPs)
             Began as a Deep Elf Conjurer on May 10, 2017.
             Slain by a worker ant (5 damage)
             ... on level 4 of the Dungeon.
             The game lasted 00:04:36 (2202 turns).

raph the Conjurer (Deep Elf Conjurer)               Turns: 2202, Time: 00:04:37

Health: -2/24      AC:  3    Str:  6    XL:     4   Next: 79%
Magic:  3/12       EV: 14    Int: 25    God:
Gold:   109        SH:  0    Dex: 15    Spells: 4 memorised, 1 level left

rFire  . . .     SeeInvis .     f - +0 short sword
rCold  . . .     Gourm    .     a - +0 robe
rNeg   . . .     Faith    .     (no shield)
rPois  .         Spirit   .     (no helmet)
rElec  .         Reflect  .     e - +0 cloak
rCorr  .         Harm     .     (no gloves)
MR     .....                    (no boots)
Stlth  ++........               l - amulet of magic regeneration
                                (no ring)
                                k - +5 ring of intelligence

@: no status effects
A: no striking features
a: no special abilities


You were on level 4 of the Dungeon.
You were not hungry.

You visited 1 branch of the dungeon, and saw 4 of its levels.

You collected 109 gold pieces.

Inventory:

Hand Weapons
 f - a +0 short sword (weapon)
Armour
 a - a +0 robe (worn)
 e - a +0 cloak (worn)
Jewellery
 k - a +5 ring of intelligence (left hand)
 l - an amulet of magic regeneration (around neck)
Wands
 p - a wand of flame (39/48)
 q - a wand of confusion (31/48)
Scrolls
 h - 2 scrolls of amnesia {unknown}
 i - a scroll of remove curse {unknown}
 n - a scroll of teleportation {unknown}
 o - 3 scrolls of identify {unknown}
Potions
 d - a potion of cure mutation {unknown}
 g - a potion of agility {unknown}
 j - a potion of flight {unknown}
 u - a potion of invisibility {unknown}
Books
 b - a book of Conjurations

   Spells                             Type                      Level
   a - Magic Dart                     Conjuration                  1
   b - Searing Ray                    Conjuration                  2
   c - Dazzling Spray                 Conjuration/Hexes            3
   d - Fulminant Prism                Conjuration/Hexes            4
   e - Iskenderun's Mystic Blast      Conjuration                  4
   f - Iskenderun's Battlesphere      Conjuration/Charms           5
Comestibles
 c - 4 bread rations
 m - a beef jerky
 r - a meat ration
 s - 4 chunks of flesh
 t - a slice of pizza


   Skills:
 + Level 3.6 Dodging
 + Level 3.4 Stealth
 + Level 4.2 Spellcasting
 * Level 5.3 Conjurations


You had one spell level left.
You knew the following spells:

 Your Spells              Type           Power        Failure   Level  Hunger
a - Magic Dart            Conj           ####         1%          1    None
b - Searing Ray           Conj           ####..       1%          2    None
c - Dazzling Spray        Conj/Hex       ###...       12%         3    ##.....
d - Iskenderun's Mystic   Conj           ####....     12%         4    ####...


Dungeon Overview and Level Annotations

Branches:
Dungeon (4/15)
 Temple: D:4-7

Altars:
Fedhas


Message History

The worker ant is severely wounded.
The worker ant barely misses you. x2
The worker ant is no longer blind.
Casting: Magic Dart
Confirm with . or Enter, or press ? or * to list all spells.
Aiming: Magic Dart
Press: ? - help, Shift-Dir - straight line, f/p - worker ant
Aim: a worker ant (severely wounded)
The magic dart hits the worker ant.
The worker ant is severely wounded.
The worker ant closely misses you.
Casting: Magic Dart
Confirm with . or Enter, or press ? or * to list all spells.
Aiming: Magic Dart
Press: ? - help, Shift-Dir - straight line, f/p - worker ant
Aim: a worker ant (severely wounded)
The magic dart hits the worker ant.
The worker ant is severely wounded.
The worker ant bites you.
You die...

.. .##+##### ...
......... #..
####........
#..(##..#........
#.......#........
##'##.....#
#.........#
###...a.....#
........@....#
..............#
..(...........#
..............#
.#########'####
#.....'...#
#.....#...#
#.....#...#
#.....#...#


You could see a worker ant.

Vanquished Creatures
  A killer bee (D:4)
  3 adders
  A worm (D:2)
  2 leopard geckos (D:2)
  3 orcs (D:3)
  3 giant cockroaches
  6 hobgoblins
  6 kobolds
  A ball python (D:1)
  7 bats
  3 frilled lizards
  5 goblins
  4 rats
45 creatures vanquished.

Notes
Turn   | Place    | Note
-------+----------+-------------------------------------------
     0 | D:1      | raph the Deep Elf Conjurer began the quest for the Orb.
     0 | D:1      | Reached XP level 1. HP: 10/10 MP: 6/6
   524 | D:1      | Reached XP level 2. HP: 15/15 MP: 5/8
   553 | D:1      | Learned a level 2 spell: Searing Ray
  1432 | D:2      | Reached XP level 3. HP: 19/19 MP: 8/10
  1643 | D:2      | Found a blossoming altar of Fedhas.
  1718 | D:2      | Found a faded altar of an unknown god.
  1938 | D:3      | Reached skill level 5 in Conjurations
  2064 | D:3      | Reached XP level 4. HP: 24/24 MP: 8/12
  2069 | D:3      | Learned a level 3 spell: Dazzling Spray
  2074 | D:3      | Learned a level 4 spell: Iskenderun's Mystic Blast
  2202 | D:4      | Slain by a worker ant

Skill      XL: |  1  2  3  4 |
---------------+-------------+-----
Dodging        | 3 |  3.6
Conjurations   | 5 |  5.3
Spellcasting   | 4 |  4.2
Stealth        | 3 |  3.4

Action                   |  1- 3 |  4- 6 || total
-------------------------+-------+-------++-------
Melee: Short sword       |    11 |       ||    11
 Cast: Magic Dart        |    75 |    19 ||    94
       Searing Ray       |     5 |       ||     5
       Dazzling Spray    |       |     1 ||     1
  Eat: Chunk             |     3 |     1 ||     4
Armor: Robe              |     9 |     3 ||    12
Dodge: Dodged            |    21 |    10 ||    31
